 Dungeon Crawl Stone Soup version 0.18.1-5-g4a78601 (webtiles) character file.

3648 IcyTea the Slicer (level 9, -8/61 HPs)
             Began as a Vampire Necromancer on May 9, 2016.
             Was an Initiate of Kikubaaqudgha.
             Mangled by a centaur warrior (11 damage)
             ... on level 9 of the Dungeon.
             The game lasted 00:53:08 (9989 turns).

IcyTea the Slicer (Vampire Necromancer)             Turns: 9989, Time: 00:53:08

Health: -8/61      AC:  8    Str:  5 (7)  XL:     9   Next: 88%
Magic:  0/14       EV: 12    Int: 18 (19) God:    Kikubaaqudgha [......]
Gold:   378        SH:  0    Dex: 14 (16) Spells: 4 memorised, 4 levels left

rFire  . . .     SeeInvis +     u - +0 rapier (curse)
rCold  + . .     Gourm    .     l - +2 robe {Archmagi}
rNeg   + + .     Faith    .     (no shield)
rPois  +         Spirit   .     (no helmet)
rElec  .         Dismiss  .     p - +1 cloak
rCorr  .         Reflect  .     h - +0 pair of gloves
SustAt .         Harm     .     q - +0 pair of boots
MR     .....                    (no amulet)
Stlth  ++++......               (no ring)
                                (no ring)

@: regenerating slowly, not resistant to hostile enchantments, stealthy
A: fangs 3, see invisible, unbreathing
a: Bat Form, Renounce Religion


You were on level 9 of the Dungeon.
You worshipped Kikubaaqudgha.
Kikubaaqudgha was noncommittal.
You were very thirsty.

You visited 2 branches of the dungeon, and saw 10 of its levels.

You collected 378 gold pieces.

Inventory:

Hand Weapons
 a - a +2 dagger of venom
 r - a +1 vampiric dagger
 u - a cursed +0 rapier (weapon)
Missiles
 m - 3 steel javelins (quivered)
 o - 7 curare-tipped needles
 s - 10 tomahawks
 v - 11 poisoned needles
Armour
 h - a +0 pair of gloves (worn)
 l - a +2 robe of the Archmagi (worn)
 p - a +1 cloak (worn)
 q - a +0 pair of boots (worn)
Jewellery
 w - an uncursed ring of ice {unknown}
Wands
 c - a wand of lightning (8/15)
 n - a wand of iceblast (13/15)
Scrolls
 e - 7 scrolls of identify
 i - a scroll of blinking
 k - a scroll of teleportation
 t - 2 scrolls of fog
Potions
 d - a potion of berserk rage
 f - 3 potions of might
Books
 b - a book of Necromancy

   Spells                             Type                      Level
   a - Pain                           Necromancy                   1
   b - Animate Skeleton               Necromancy                   1
   c - Vampiric Draining              Necromancy                   3
   d - Regeneration                   Charms/Necromancy            3
   e - Animate Dead                   Necromancy                   4
   f - Control Undead                 Necromancy                   4
 g - a book of Enchantments

   Spells                             Type                      Level
   a - Cause Fear                     Hexes                        4
   b - Yara's Violent Unravelling     Hexes/Transmutation          5
   c - Silence                        Hexes/Air                    5
   d - Deflect Missiles               Charms/Air                   6
   e - Haste                          Charms                       6
   f - Discord                        Hexes                        8


   Skills:
 - Level 2.0 Fighting
 - Level 13.5 Short Blades
 - Level 2.3 Dodging
 - Level 6.7 Stealth
 + Level 3.8 Spellcasting
 - Level 1.2 Charms
 - Level 11.1 Necromancy
 - Level 3.0 Evocations


You had 4 spell levels left.
You knew the following spells:

 Your Spells              Type           Power        Failure   Level  Hunger
a - Pain                  Necr           ####         1%          1    None
b - Vampiric Draining     Necr           ######....   1%          3    ###....
c - Animate Dead          Necr           N/A          1%          4    ####...
d - Regeneration          Chrm/Necr      #####.....   3%          3    ###....


Dungeon Overview and Level Annotations

Branches:
Dungeon (9/15)             Temple (1/1) D:6
   Lair: D:8-11         Orc: D:9-12

Altars:
Ashenzari
Cheibriados
Dithmenos
Fedhas
Gozag
Kikubaaqudgha
Nemelex Xobeh
Okawaru
Qazlal
Ru
Sif Muna
Trog
Xom
Yredelemnul
Zin
The Shining One

Shops:
D:5 (

Annotations:
D:7 Suckerboh's ghost, novice DECj


Innate Abilities, Weirdness & Mutations

You heal slowly.
You have razor-sharp teeth.
You have supernaturally acute eyesight.
You can survive without breathing.


Message History

The centaur warrior hits you but does no damage.
You hit the centaur warrior but do no damage.
The centaur warrior is almost dead.
The centaur warrior barely misses you.
You completely miss the centaur warrior.
The centaur warrior is almost dead.
The centaur warrior barely misses you.
You hit the centaur warrior but do no damage.
The centaur warrior is almost dead.
You barely miss the centaur warrior.
You bite the centaur warrior, but do no damage.
The centaur warrior is almost dead.
The centaur warrior hits you!
* * * LOW HITPOINT WARNING * * *
You hit the centaur warrior but do no damage.
You bite the centaur warrior, but do no damage.
The centaur warrior is almost dead.
The centaur warrior hits you!
You die...
Kikubaaqudgha rasps: "You have failed me!
Welcome... oblivion!"

## #.. #.# ########## #####.###
#####........#
........######...#........###
.............((.@c..........
.....>..#....#..$#........#
........#....#####........#
........#....# #######..#
#####.######## #.....#..# #..#
###.8.8.#..# .....#.##
####%'.._..'.#####... .....#..#
#....#.8.8.#<........
.....##.#####....#.....#..####...


You could see a centaur warrior.

Vanquished Creatures
  Sigmund (D:2)
  A hungry ghost (D:9)
  A hippogriff (D:7)
  2 water moccasins
  2 ice beasts
  2 orc warriors (D:7)
  A necrophage (D:7)
  A black bear (D:7)
  A phantom (D:4)
  An ogre (D:5)
  2 centaurs
  5 giant frogs
  2 scorpions
  2 howler monkeys
  2 crimson imps
  A jelly (D:8)
  3 centaur skeletons
  2 giant frog zombies (D:6)
  5 orc priests
  2 hounds
  2 giant frog skeletons
  Jessica (D:2)
  Terence (D:2)
  5 orc wizards
  2 worker ants
  An iguana (D:4)
  A hound zombie (D:5)
  7 gnolls
  6 adders
  2 shadow imps (D:5)
  3 oozes
  An adder skeleton (D:6)
  3 worms
  A dart slug (D:2)
  2 giant geckos
  27 orcs
  A ball python (D:5)
  4 giant cockroaches
  3 goblins
  3 hobgoblins (D:1)
  4 jackals
  4 kobolds
  2 quokkas
  6 bats
  2 giant gecko skeletons (D:7)
  A giant gecko zombie (D:7)
  A giant newt (D:4)
  A quokka zombie (D:5)
  7 rats
143 creatures vanquished.

Vanquished Creatures (collateral kills)
  The ghost of Strategiusz the Caller, an amateur NaSu of Dithmenos (D:4)
  An ice beast (D:7)
  A giant cockroach (D:4)
  2 jackals (D:3)
  A giant gecko skeleton (D:7)
  A kobold (D:3)
7 creatures vanquished.

Vanquished Creatures (others)
  A goblin (D:2)
1 creature vanquished.

Grand Total: 151 creatures vanquished

Notes
Turn   | Place    | Note
--------------------------------------------------------------
     0 | D:1      | IcyTea the Vampire Necromancer began the quest for the Orb.
     0 | D:1      | Reached XP level 1. HP: 13/13 MP: 3/3
   552 | D:1      | Reached XP level 2. HP: 19/19 MP: 5/5
   743 | D:1      | Reached skill level 1 in Short Blades
  1275 | D:2      | Reached skill level 2 in Short Blades
  1275 | D:2      | Reached XP level 3. HP: 18/24 MP: 6/6
  1360 | D:2      | Noticed Sigmund
  1403 | D:2      | Killed Sigmund
  1403 | D:2      | Reached skill level 5 in Short Blades
  1403 | D:2      | Reached XP level 4. HP: 11/30 MP: 0/7
  1403 | D:2      | Reached XP level 5. HP: 12/35 MP: 0/8
  1406 | D:2      | Reached skill level 13 in Short Blades
  1406 | D:2      | Reached XP level 6. HP: 14/41 MP: 0/9
  1408 | D:2      | Reached XP level 7. HP: 15/46 MP: 1/10
  1755 | D:2      | Learned a level 3 spell: Vampiric Draining
  1760 | D:2      | Learned a level 4 spell: Animate Dead
  1790 | D:2      | Noticed Jessica
  1794 | D:2      | Killed Jessica
  1980 | D:2      | Found an opulent altar of Gozag.
  2006 | D:2      | Found a basalt altar of Yredelemnul.
  2018 | D:2      | Noticed a profane servitor
  2029 | D:2      | Found a glowing golden altar of the Shining One.
  2031 | D:2      | Noticed an angel
  2044 | D:2      | Noticed Terence
  2047 | D:2      | Killed Terence
  2313 | D:2      | Gained mutation: Your mind is acute. (Int +2) [potion of mutation]
  2313 | D:2      | Gained mutation: Your movements are slightly less encumbered by armour (ER -2). [potion of mutation]
  2313 | D:2      | Gained mutation: Your mind is very acute. (Int +4) [potion of mutation]
  2817 | D:3      | Found a shimmering altar of Xom.
  3417 | D:4      | Noticed Strategiusz's ghost (amateur NaSu)
  3639 | D:4      | Killed Strategiusz's ghost
  3971 | D:4      | Reached XP level 8. HP: 35/52 MP: 5/11
  3980 | D:4      | Learned a level 3 spell: Regeneration
  4265 | D:4      | Reached skill level 1 in Charms
  4671 | D:5      | Entered Level 5 of the Dungeon
  4686 | D:5      | Reached skill level 5 in Stealth
  5231 | D:5      | Found a blossoming altar of Fedhas.
  5937 | D:5      | Found Xumaff's Weapon Shop.
  5951 | D:5      | Lost mutation: Your mind is very acute. (Int +4) [potion of cure mutation]
  5951 | D:5      | Lost mutation: Your mind is acute. (Int +2) [potion of cure mutation]
  5951 | D:5      | Lost mutation: Your movements are slightly less encumbered by armour (ER -2). [potion of cure mutation]
  6578 | D:6      | Reached skill level 1 in Evocations
  7263 | D:6      | Found a staircase to the Ecumenical Temple.
  7293 | Temple   | Entered the Ecumenical Temple
  7475 | D:6      | Found a stormy altar of Qazlal.
  7501 | D:6      | Reached XP level 9. HP: 53/57 MP: 12/12
  7855 | D:7      | Reached skill level 1 in Fighting
  7973 | D:7      | Found an ancient bone altar of Kikubaaqudgha.
  7993 | D:7      | Became a worshipper of Kikubaaqudgha
  8149 | D:7      | Noticed Suckerboh's ghost (novice DECj)
  9263 | D:8      | Found a shattered altar of Ashenzari.
  9921 | D:9      | Found a glowing silver altar of Zin.
  9927 | D:9      | Noticed a centaur warrior
  9982 | D:9      | HP: 3/61 [centaur warrior (13)]
  9988 | D:9      | HP: 3/61 [centaur warrior (8)]
  9989 | D:9      | Mangled by a centaur warrior

Skill      XL: |  1  2  3  4  5  6  7  8  9 |
---------------+----------------------------+-----
Short Blades   | 2 5 13 | 13.5
Necromancy     | 11 | 11.1
Stealth        | 4 6 |  6.7
Charms         | 1 |  1.2
Evocations     | 2 3 |  3.0
Fighting       | 2 |  2.0
Spellcasting   | 3 |  3.8
Dodging        | |  2.3

Action                   |  1- 3 |  4- 6 |  7- 9 || total
-------------------------+-------+-------+-------++-------
Melee: Unarmed           |     4 |       |       ||     4
       Dagger            |    32 |       |   314 ||   346
       Bite              |     2 |       |    56 ||    58
       Rapier            |       |       |   189 ||   189
 Cast: Pain              |    12 |     1 |   104 ||   117
       Animate Dead      |       |       |    24 ||    24
       Vampiric Draining |       |       |    22 ||    22
       Regeneration      |       |       |    10 ||    10
  Use: Potion            |     1 |     2 |    18 ||    21
       Scroll            |     1 |       |    14 ||    15
 Stab: Sleeping          |     3 |       |    25 ||    28
       Invisible         |       |       |     1 ||     1
       Distracted        |       |       |     1 ||     1
  Eat: Corpse            |     1 |       |    22 ||    23
Armor: Robe              |    14 |       |    66 ||    80
Dodge: Dodged            |    32 |       |   190 ||   222
